 Dungeon Crawl Stone Soup version 0.28-a0-724-g66f9036eb4 (webtiles) character file.

Game seed: 2862045535491615995

27 flotson the Sneak (level 2, -3/24 HPs)
             Began as a Demonspawn Delver on Oct 26, 2021.
             Slain by a gnoll (15 damage)
             ... on level 2 of the Dungeon.
             The game lasted 00:01:40 (1231 turns).

flotson the Sneak (Demonspawn Delver)               Turns: 1231, Time: 00:01:41

Health: -3/24      AC:  3    Str: 12    XL:     2   Next: 93%
Magic:  2/2        EV: 12    Int: 11    God:
Gold:   68         SH:  5    Dex: 14    Spells: 1/1 levels left

rFire   . . .      SeeInvis .   a - +0 hand axe
rCold   . . .      Faith    .   (no shield)
rNeg    . . .      Spirit   .   b - +0 leather armour
rPois   .          Reflect  +   (no helmet)
rElec   .          Harm     .   (no cloak)
rCorr   .          Rampage  .   (no gloves)
Will    .....                   (no boots)
Stlth   ++........              o - amulet of reflection
HPRegen 0.08/turn               (no ring)
MPRegen 0.08/turn               (no ring)

@: no status effects
A: spiny 1
a: no special abilities


You were on level 2 of the Dungeon.
You visited 1 branch of the dungeon, and saw 5 of its levels.

You collected 68 gold pieces.

Inventory:

Hand Weapons
 a - a +0 hand axe (weapon)
Missiles
 k - 26 poisoned darts (quivered)
Armour
 b - a +0 leather armour (worn)
Jewellery
 o - an amulet of reflection (around neck)
Wands
 g - a wand of digging (3)
Scrolls
 c - 3 scrolls of fog
 d - a scroll of magic mapping
 e - a scroll of fear
 i - a scroll of identify {unknown}
 n - a scroll of vulnerability {unknown}
Potions
 f - a potion of haste
 h - a potion of lignification {unknown}
 j - a potion of ambrosia {unknown}
 l - a potion of heal wounds {unknown}
 m - a potion of degeneration {unknown}
 p - a potion of magic {unknown}


   Skills:
 + Level 3.3 Fighting
 - Level 1.7 Axes
 + Level 0.6 Throwing
 + Level 1.1 Armour
 + Level 2.2 Dodging
 - Level 4.5 Stealth


You had one spell level left.
You didn't know any spells.
Your spell library contained the following spells:

 Spells                   Type           Power      Damage    Failure   Level
 Summon Small Mammal      Summ           0%         N/A       41%         1
 Call Canine Familiar     Summ           0%         N/A       80%         3
 Summon Guardian Golem    Hex/Summ       0%         N/A       80%         3


Dungeon Overview and Level Annotations

Branches:
Dungeon (5/15)
 Temple: D:4-7

Altars:

Annotations:
D:4 Eustachio
D:5 Edmund


Innate Abilities, Weirdness & Mutations

You are partially covered in sharp spines.


Message History

Found a staircase leading out of the dungeon.
There is a staircase leading out of the dungeon here.
You enter the shallow water.
Moving in this stuff is going to be slow.
You see here a +0 flail.
Found a leather armour.
You see here a +0 leather armour.
p - a yellow potion Done exploring.
Done exploring.
(D) Dungeon
Where to? (Enter - D:2 @ (x,y), ? - help)
There is a stone staircase leading down here.
You climb downwards.
There is a stone staircase leading up here.
A hobgoblin comes into view.
Found a bubbling orange potion and a dagger.
The gnoll shouts! x3
You hit the gnoll.
The gnoll is heavily wounded.
The gnoll is struck by your spines. The gnoll hits you with a +0 flail!
You hit the gnoll.
You kill the gnoll!
A gnoll comes into view. It is wielding a +0 spear.
The gnoll barely misses you.
Your Armour skill increases to level 1!
The gnoll closely misses you.
Things that are here:
a +0 flail; 8 gold pieces; a gnoll corpse You closely miss the gnoll.
You block the gnoll's attack.
You hit the gnoll but do no damage. You hit the hobgoblin.
You block the gnoll's attack. The hobgoblin is struck by your spines.
The hobgoblin closely misses you.
You hit the hobgoblin but do no damage.
The hobgoblin is moderately wounded.
You hit the gnoll but do no damage. The gnoll hits you with a +0 halberd.
The hobgoblin is struck by your spines. The hobgoblin barely misses you.
The gnoll is struck by your spines. The gnoll hits you with a +0 halberd!
Ouch! That really hurt!
You die...

#.. #.## #..
#.######### #####
#........<#
......##.#########
...!............ #
#)######g########
. #...@ggg.... .
#.#.######## .
#.#.. . # #.#
#.#.. .# ..#
#.#.##.#.# ..
#.#.#..#.#
#..#.#....#.# ###
#..#.#.#..#.# #..


You could see 3 gnolls and a hobgoblin.

Vanquished Creatures
  A gnoll (D:2)
  2 endoplasms (D:1)
  A giant cockroach (D:2)
  3 goblins
  A hobgoblin (D:1)
  5 ball pythons
  A kobold (D:1)
  4 rats
18 creatures vanquished.

Notes
Turn   | Place    | Note
-------+----------+-------------------------------------------
     0 | D:5      | flotson the Demonspawn Delver began the quest for the Orb.
     0 | D:5      | Reached XP level 1. HP: 18/18 MP: 1/1
    31 | D:5      | Noticed a black bear
    75 | D:5      | Noticed Edmund
    94 | D:4      | Noticed Eustachio
   709 | D:1      | Gained mutation: You are partially covered in sharp spines.
                  | [demonic ancestry]
   709 | D:1      | Reached XP level 2. HP: 21/24 MP: 2/2
  1008 | D:1      | Found a faded altar of an unknown god.
  1228 | D:2      | Reached skill level 1 in Armour
  1231 | D:2      | Slain by a gnoll

Illustrated notes

Levels and vault maps discovered:
D:1:      psy_arrival_conway, layout_rooms, ebering_ecumenical_altar_rust
D:2:      layout_basic, serial_shops, nicolae_lakefront_shop,
          chequers_serial_rivers_marsh
D:3:      layout_basic
D:4:      layout_rooms, kennysheep_ying_yang, zin_treasury,
          mainiacjoe_overflow_catwalk, serial_bayou, serial_bayou_pond_d,
          serial_bayou_pond_e, serial_bayou_lake_a, serial_bayou_lagoon_a,
          serial_shops, shop, kennysheep_little_box, nicolae_shop_behind_doors,
          uniq_eustachio
D:5:      layout_loops_ring, amcnicky_altar_gilded, minmay_divided_ellipse,
          uniq_prince_ribbit1, uniq_edmund, uniq_blork_the_orc

Skill      XL: |  1  2 |
---------------+-------+-----
Dodging        | 2 |  2.2
Armour         | 1 |  1.1
Fighting       | |  3.3
Axes           | |  1.7
Throwing       | |  0.6
Stealth        | |  4.5

Action                   || total
-------------------------++-------
Melee: Hand axe          ||    50
 Stab: Sleeping          ||     4
Armor: Leather armour    ||     7
Dodge: Dodged            ||    27
Block: Other             ||     6

Table legend: (Time is in decaauts)
 A = Elapsed time spent in this place.
 B = Non-inter-level travel time spent in this place.
 C = Inter-level travel time spent in this place.
 D = Time resting spent in this place.
 E = Time spent auto-exploring this place.
 F = Levels seen in this place.
 G = Mean time per level.
                   A        B        C        D        E       F      G
               +--------+--------+--------+--------+--------+-----+--------+
         Total |   1245 |   1188 |     57 |     48 |    895 |   5 |  249.0 |
       Dungeon |   1245 |   1188 |     57 |     48 |    895 |   5 |  249.0 |
               +--------+--------+--------+--------+--------+-----+--------+

Top non-repeatable levels by time:
     D:1: 521 daAuts
     D:2: 428 daAuts
     D:3: 128 daAuts
     D:5: 94 daAuts
     D:4: 73 daAuts
